 Dungeon Crawl Stone Soup version 0.18.1-5-g4a78601 (webtiles) character file.

569 Zhenya25pyc the Shield-Bearer (level 7, -2/43 HPs)
             Began as a Gargoyle Fighter on May 13, 2016.
             Was a Follower of Okawaru.
             Killed from afar by an orc wizard (4 damage)
             ... with a puff of flame
             ... on level 4 of the Dungeon.
             The game lasted 00:09:55 (3058 turns).

Zhenya25pyc the Shield-Bearer (Gargoyle Fighter)    Turns: 3058, Time: 00:09:56

Health: -2/43      AC: 16    Str: 21    XL:     7   Next: 33%
Magic:  16/16      EV:  9    Int:  9    God:    Okawaru [*.....]
Gold:   323        SH: 12    Dex:  9    Spells: 0 memorised, 6 levels left

rFire  . . .     SeeInvis .     x - -3 morningstar (curse)
rCold  . . .     Gourm    .     b - +0 scale mail
rNeg   + + .     Faith    .     k - +2 shield {rN+}
rPois  ∞         Spirit   .     g - +2 helmet
rElec  +         Dismiss  .     (no cloak)
rCorr  .         Reflect  .     j - +0 pair of gloves (curse)
SustAt .         Harm     .     (no boots)
MR     .....                    (no amulet)
Stlth  ..........               (no ring)
                                u - ring of magical power

@: slowed, very slow, not resistant to hostile enchantments, extremely
unstealthy
A: negative energy resistance 1, electricity resistance, unbreathing,
petrification resistance, rot immunity, AC +4
a: Heroism, Renounce Religion


You were on level 4 of the Dungeon.
You worshipped Okawaru.
Okawaru was aware of your devotion.
You were hungry.

You visited 1 branch of the dungeon, and saw 4 of its levels.

You collected 323 gold pieces.

Inventory:

Hand Weapons
 o - a +1 morningstar
 s - a +3 mace
 x - a cursed -3 morningstar (weapon)
Armour
 b - a +0 scale mail (worn)
 g - a +2 helmet (worn)
 j - a cursed +0 pair of gloves (worn)
 k - a +2 shield of positive energy (worn)
Jewellery
 u - a ring of magical power (left hand)
Wands
 a - a wand of iceblast (9/15)
 p - a wand of confusion (22/48)
Scrolls
 l - a scroll of fear
 m - a scroll of random uselessness {unknown}
 y - a scroll of identify {unknown}
Potions
 c - 2 potions of magic {unknown}
 d - 2 potions of might
 e - 4 potions of haste {unknown}
 h - 2 potions of heal wounds {unknown}
 r - 2 potions of lignification {unknown}
 t - a potion of curing {unknown}
 w - a potion of degeneration {unknown}
Comestibles
 f - 3 bread rations
 i - 3 meat rations
 n - 2 beef jerkies
 q - a slice of pizza


   Skills:
 + Level 4.2 Fighting
 * Level 3.6 Maces & Flails
 + Level 4.4 Armour
 - Level 3.0 Dodging
 + Level 5.8 Shields


You had 6 spell levels left.
You didn't know any spells.

Dungeon Overview and Level Annotations

Branches:
Dungeon (4/15)
 Temple: D:4-7

Altars:
Okawaru
Xom


Innate Abilities, Weirdness & Mutations

You are resistant to torment.
Your stone body is resilient (AC +4).
You are immune to poison.
You resist negative energy.
You are resistant to electric shocks.
You can survive without breathing.
You are immune to petrification.
You are immune to rotting.


Message History

The puff of flame hits you!
* * * LOW HITPOINT WARNING * * *
Something hits you but does no damage. You block the quokka skeleton's attack.
The orc wizard mumbles some strange words.
The orc wizard blinks!
Something hits you but does no damage.
The quokka skeleton bites you but does no damage.
Something hits you but does no damage.
You miss something. Something hits you but does no damage.
You block the quokka skeleton's attack. The orc wizard completely misses you.
Something hits you but does no damage. You block the quokka skeleton's attack.
The orc priest casts a cantrip, but nothing happens.
The orc wizard points at you and mumbles some strange words.
The magic dart hits you!
* * * LOW HITPOINT WARNING * * *
You barely miss something.
The orc wizard is no longer moving quickly.
You hear some strange, mumbled words.
A puff of flame appears from out of thin air!
The puff of flame hits you!
You die...

#. #..## .## #..# #..
#...# ...# #..# #.#
#...## #..##..##
#..##...#.
#......####...#.....
#.......###......##
#..............##
###{............##
#oZ@o.......#...##
#....####...........##
#..# #..###...###..#
#.. #.## ##.## ##.## .
### #.# ##.# ### ##.
## #


You could see an orc priest, an orc wizard and a quokka skeleton.

Vanquished Creatures
  An ice beast (D:3)
  3 wights (D:3)
  Ijyb (D:2)
  Natasha (thrice) (D:3)
  A worker ant (D:4)
  Robin (D:3)
  9 adders
  An ooze (D:4)
  An adder skeleton (D:4)
  6 dart slugs
  2 worms
  2 giant geckos
  5 orcs
  5 giant cockroaches
  31 goblins
  8 hobgoblins
  7 jackals
  7 kobolds
  A quokka (D:3)
  A ball python (D:1)
  8 bats
  6 giant newts
  7 rats
117 creatures vanquished.

Notes
Turn   | Place    | Note
--------------------------------------------------------------
     0 | D:1      | Zhenya25pyc the Gargoyle Fighter began the quest for the Orb.
     0 | D:1      | Reached XP level 1. HP: 14/14 MP: 1/1
    25 | D:1      | Reached XP level 2. HP: 19/19 MP: 2/2
   278 | D:1      | Reached XP level 3. HP: 24/24 MP: 3/3
   479 | D:2      | Reached skill level 4 in Shields
   759 | D:2      | Reached skill level 1 in Dodging
   759 | D:2      | Reached XP level 4. HP: 26/29 MP: 4/4
   788 | D:2      | Noticed Ijyb
   816 | D:2      | Killed Ijyb
   953 | D:2      | Reached XP level 5. HP: 33/33 MP: 5/5
  1095 | D:2      | Found a shimmering altar of Xom.
  1399 | D:3      | Found an iron altar of Okawaru.
  1407 | D:3      | Became a worshipper of Warmaster Okawaru
  1427 | D:3      | Noticed an ice beast
  1437 | D:3      | Killed an ice beast
  1437 | D:3      | Reached skill level 5 in Shields
  1437 | D:3      | Reached XP level 6. HP: 38/38 MP: 6/6
  1494 | D:3      | Reached * piety under Okawaru
  1670 | D:3      | Noticed Robin
  1736 | D:3      | Killed Robin
  2223 | D:3      | Noticed Natasha
  2236 | D:3      | Killed Natasha
  2236 | D:3      | Reached XP level 7. HP: 24/43 MP: 7/7
  2321 | D:3      | Noticed Natasha
  2334 | D:3      | Killed Natasha
  2388 | D:3      | Noticed Natasha
  2405 | D:3      | Killed Natasha
  3056 | D:4      | HP: 2/43 [something/puff of flame (5)]
  3058 | D:4      | Killed from afar by an orc wizard

Skill      XL: |  1  2  3  4  5  6  7 |
---------------+----------------------+-----
Shields        | 4 5 |  5.8
Dodging        | 1 2 3 |  3.0
Fighting       | 4 |  4.2
Maces & Flails | 3 |  3.6
Armour         | 4 |  4.4

Action                   |  1- 3 |  4- 6 |  7- 9 || total
-------------------------+-------+-------+-------++-------
Melee: Flail             |   151 |       |       ||   151
       Morningstar       |     2 |   321 |   122 ||   445
       Mace              |       |     2 |       ||     2
  Use: Scroll            |       |       |     3 ||     3
  Eat: Chunk             |       |     6 |     2 ||     8
Armor: Scale mail        |   127 |   314 |    90 ||   531
Dodge: Dodged            |    74 |   169 |    55 ||   298
Block: Shield            |   121 |   359 |   109 ||   589
